Map: Cyber Forest LE

Players

DarwinAwdWnr - Winner!

  • Race: Zerg Zerg
  • League: Silver
  • Spawn Location: 11:00

MaaGooMeRLiN

  • Race: Zerg Zerg
  • League: Platinum
  • Spawn Location: 5:00

VOD

Have the link to the VOD?

Description

Time

  • Played on: June 16, 2019, 3:38 p.m.
  • Length: 21:42
Show
View Real Time Build Order
Export as new Build Order

DarwinAwdWnr Zerg - Winner!

Build Orders: Hatch First, Zergling Baneling 

Get SALT Encoding   

  12  0:01  Drone  
  13  0:09  Drone  
  14  0:16  Overlord  
  14  0:36  Drone x2  
  16  0:51  Hatchery  
  16  0:54  Drone  
  16  0:57  Drone  
  16  1:02  Extractor  
  16  1:13  Drone  
  17  1:19  Spawning Pool  
  17  1:21  Drone  
  17  1:28  Drone  
  18  1:37  Drone  
  19  1:51  Drone  
  20  1:58  Overlord  
  20  2:07  Zergling x2  
  20  2:08  Queen x2  
  21  2:11  Metabolic Boost  
  25  2:36  Baneling Nest  
  24  2:39  Drone x5  
  24  2:40  Drone  
  30  3:02  Drone x4  
  34  3:16  Overlord x2  
  34  3:22  Drone x2  
  36  3:40  Baneling x2  
  36  3:45  Zergling x12  
  42  3:56  Queen x2  
  45  4:04  Zergling x2  
  45  4:05  Zergling x12  
  51  4:31  Zergling x6  
  51  4:48  Baneling x7  
  51  4:54  Zergling x4, Hatchery  
  51  4:55  Overlord x3  
  47  5:12  Zergling x2  
  47  5:13  Zergling x16  
  49  5:31  Roach Warren  
  47  5:40  Drone  
  47  5:41  Drone x7  
  54  5:43  Lair  
  47  6:14  Drone  
  47  6:15  Drone x6  
  54  6:23  Extractor  
  53  6:29  Extractor  
  53  6:30  Extractor  
  51  7:01  Spire  
  50  7:10  Baneling  
  50  7:11  Baneling x4  
  50  7:28  Overlord x3  
  48  7:38  Zergling x2  
  48  7:39  Zergling x22  
  60  7:46  Roach x5  
  70  7:57  Roach x3  
  76  8:15  Mutalisk  
  76  8:16  Mutalisk x5  
  76  8:17  Mutalisk  
  90  8:20  Zergling x2  
  90  8:21  Zergling x8  
  95  8:35  Mutalisk  
  95  8:36  Mutalisk  
  95  8:39  Overlord x4  
  99  9:02  Mutalisk  
  99  9:03  Mutalisk x2  
  103  9:12  Zergling x14  
  103  9:13  Zergling x12  
  116  9:30  Zergling x2  
  116  9:31  Zergling x8  
  118  9:36  Zergling x2  
  100  9:51  Roach  
  100  9:52  Mutalisk  
  93  9:53  Mutalisk x4  
  89  10:17  Mutalisk  
  89  10:18  Mutalisk  
  89  10:19  Zergling x2  
  89  10:20  Zergling x18  
  78  10:38  Zergling x16  
  78  10:39  Zergling x2  
  75  10:57  Zergling x8  
  67  11:12  Zergling x18  
  67  11:13  Zergling x4  
  78  11:36  Baneling x3  
  78  11:37  Baneling x30  
  78  11:38  Baneling x2  
  78  11:39  Zergling x14  
  88  11:40  Zergling x6  
  88  12:10  Hatchery  
  88  12:14  Infestation Pit  
  49  12:55  Zergling x54  
  76  13:03  Zergling x2  
  76  13:04  Hive  
  76  13:10  Mutalisk x4  
  82  13:21  Mutalisk x4  
  89  13:37  Baneling x2  
  89  13:38  Baneling x2  
  87  13:50  Mutalisk  
  87  13:51  Mutalisk x2  
  87  13:57  Baneling  
  87  13:58  Baneling x5  
  87  13:59  Zergling x2  
  87  14:00  Zergling x26  
  101  14:09  Overlord x2  
  70  14:35  Zergling x2  
  70  14:36  Zergling x26  
  60  14:49  Zergling x12  
  60  14:50  Zergling x10  
  71  14:56  Baneling x5  
  61  15:21  Zergling x18  
  49  15:22  Zergling x12  
  59  15:30  Zergling x2  
  59  15:31  Zergling x8  
  45  15:52  Zergling x20  
  37  16:18  Drone  
  37  16:19  Drone x6  
  34  16:55  Mutalisk x5  
  34  16:57  Mutalisk  
  46  17:33  Drone x5  
  46  17:34  Drone x10  
  59  17:56  Drone  
  59  17:57  Drone x9  
  67  18:36  Mutalisk x3  
  67  18:37  Mutalisk x7  
  87  18:50  Overlord x3  
  87  19:16  Extractor  
  86  19:20  Zergling x20, Extractor  
  95  19:30  Hatchery  
  94  19:57  Mutalisk x5  
  94  19:59  Zergling x12  
  112  20:00  Zergling x4  
  112  20:04  Overlord x3  
  112  20:10  Extractor  
  112  20:11  Extractor  
  110  20:27  Mutalisk x3  
Show
View Real Time Build Order
Export as new Build Order

MaaGooMeRLiN Zerg 

Build Orders: Hatch First 

Get SALT Encoding   

  12  0:09  Overlord  
  12  0:18  Drone x2  
  14  0:28  Drone  
  15  0:32  Drone  
  16  0:44  Drone  
  17  0:57  Hatchery  
  16  1:01  Drone  
  17  1:05  Drone  
  18  1:16  Spawning Pool  
  18  1:18  Extractor  
  16  1:20  Drone  
  16  1:25  Drone  
  18  1:36  Drone  
  19  1:48  Drone  
  20  1:54  Hatchery  
  20  1:58  Drone  
  20  2:06  Queen  
  22  2:15  Queen  
  24  2:24  Drone x2  
  24  2:27  Overlord  
  26  2:33  Overlord  
  26  2:42  Extractor  
  26  2:43  Metabolic Boost  
  25  2:51  Drone x2  
  27  2:57  Zergling x2  
  27  2:58  Zergling x4  
  30  3:02  Zergling x2  
  30  3:03  Zergling x2  
  32  3:10  Zergling x2  
  33  3:18  Zergling x2  
  33  3:19  Drone x3  
  37  3:26  Queen  
  39  3:41  Drone x3  
  40  3:42  Drone  
  40  3:47  Drone x2  
  40  3:48  Drone x2  
  47  4:00  Drone x3  
  47  4:04  Zergling x2  
  47  4:05  Zergling x2  
  47  4:09  Roach Warren  
  45  4:12  Zergling x4  
  45  4:13  Drone  
  48  4:19  Zergling x4  
  49  4:26  Zergling x2  
  49  4:28  Queen  
  49  4:29  Zergling x2  
  49  4:30  Zergling x2  
  44  4:38  Zergling x2  
  44  4:39  Zergling x10  
  47  4:46  Zergling x6  
  50  4:57  Overlord x3  
  47  5:13  Roach  
  47  5:14  Roach x2  
  44  5:21  Roach x2  
  48  5:33  Roach x3  
  48  5:35  Drone x3  
  56  5:42  Lair  
  56  5:43  Drone  
  56  5:47  Zergling x4  
  56  5:48  Zergling x2  
  51  5:58  Zergling x2, Roach x2  
  51  5:59  Zergling x2  
  51  6:01  Drone  
  54  6:04  Drone x2  
  56  6:12  Drone x4  
  60  6:19  Drone  
  60  6:25  Drone x3  
  64  6:26  Drone x2  
  64  6:29  Queen  
  68  6:36  Spine Crawler  
  68  6:37  Drone  
  68  6:38  Drone x3  
  68  6:39  Drone  
  72  6:49  Extractor  
  72  6:50  Drone x3  
  72  6:51  Extractor  
  73  6:56  Overlord x2  
  73  6:57  Overlord  
  73  7:13  Drone  
  73  7:14  Queen  
  76  7:21  Drone x7  
  83  7:24  Roach x4  
  77  7:38  Drone  
  77  7:39  Drone x5  
  83  7:46  Drone  
  83  7:47  Drone x3  
  87  7:55  Roach x2  
  87  7:58  Queen  
  91  8:01  Drone  
  94  8:08  Drone  
  94  8:09  Drone  
  94  8:10  Drone x2  
  98  8:27  Hatchery  
  97  8:28  Overlord x2  
  97  8:29  Overlord x3, Hatchery, Queen  
  98  8:41  Extractor x2  
  96  8:52  Roach  
  96  8:53  Roach x11  
  120  9:00  Spore Crawler  
  120  9:01  Spore Crawler  
  118  9:04  Spore Crawler  
  118  9:05  Spore Crawler  
  118  9:09  Spore Crawler  
  113  9:13  Spore Crawler  
  103  9:29  Drone  
  91  9:46  Roach x3  
  91  9:47  Roach x9  
  91  9:52  Hydralisk Den  
  96  9:57  Zergling x12  
  94  10:06  Roach x2  
  88  10:18  Roach  
  88  10:19  Roach x2  
  80  10:30  Hydralisk  
  80  10:31  Hydralisk x6  
  90  10:37  Drone  
  90  10:38  Drone x2  
  92  10:55  Roach  
  93  11:01  Hydralisk, Queen  
  93  11:02  Hydralisk  
  89  11:09  Drone x6  
  95  11:20  Pneumatized Carapace  
  95  11:22  Hatchery  
  95  11:24  Drone  
  95  11:25  Drone x4  
  99  11:27  Queen  
  101  11:36  Drone  
  102  11:46  Queen  
  104  11:56  Hydralisk x4  
  104  11:57  Hydralisk x5  
  122  12:06  Overlord  
  122  12:07  Overlord x2  
  122  12:12  Grooved Spines  
  122  12:15  Overlord x2  
  122  12:24  Queen  
  110  12:33  Roach x3  
  110  12:34  Hydralisk x5  
  110  12:35  Hydralisk  
  64  13:08  Hydralisk  
  64  13:09  Hydralisk x11  
  86  13:14  Hydralisk  
  88  13:20  Drone x3  
  88  13:24  Muscular Augments  
  91  13:32  Hydralisk  
  91  13:33  Hydralisk x2  
  97  13:40  Drone x3  
  97  13:41  Drone  
  96  13:53  Drone  
  96  13:54  Drone x5  
  102  14:00  Queen  
  104  14:04  Drone  
  104  14:05  Drone x2  
  107  14:10  Drone x3  
  82  14:36  Hydralisk x4  
  64  14:57  Zergling x4  
  65  15:10  Zergling x4  
  53  15:22  Zergling x2  
  54  15:37  Hydralisk  
  30  15:50  Zergling x2  
  30  15:56  Zergling x2  
  25  16:08  Zergling x4  
  21  16:20  Drone  
  21  16:21  Drone  
  23  16:30  Zergling x2  
  20  16:38  Zergling x2  
  20  16:45  Drone  
  21  17:02  Drone x2  
  23  17:15  Drone x2  
  25  17:16  Drone  
  26  17:23  Drone  
  27  17:31  Drone x2  
  29  17:38  Drone  
  29  17:39  Drone  
  31  17:45  Drone  
  28  17:51  Spore Crawler  
  27  18:03  Drone x3  
  27  18:04  Drone  
  31  18:07  Drone  
  32  18:14  Drone  
  33  18:24  Hydralisk  
  33  18:25  Hydralisk  
  37  18:32  Drone  
  38  18:40  Drone x2  
  40  18:59  Hatchery  
  40  19:02  Drone  
  40  19:05  Drone  
  41  19:14  Drone x2  
  43  19:19  Drone  
  43  19:20  Drone  
  45  19:28  Drone x2  
  47  19:42  Hydralisk  
  47  19:44  Drone x2  
  47  19:45  Drone  
  52  19:55  Drone x3  
  52  19:59  Drone  
  57  20:07  Drone x2  
  57  20:10  Drone  
  59  20:44  Spine Crawler  
  59  20:46  Hatchery  
  57  20:50  Hydralisk x3  
  57  20:51  Hydralisk x2  
  67  21:00  Evolution Chamber  
  67  21:03  Zergling x2  
  67  21:04  Zergling x6, Hydralisk x3  
Tags
 
Add a new tag
Caveats
  • Supply blocks, unpowered buildings, or Contaminate may cause inaccurate times.
  • Supply counts are checked every 10 seconds.